 Dungeon Crawl Stone Soup version 0.30-a0-310-g7d6cbdfea6 (webtiles) character file.

Game seed: 14171982593586007142

1864 NinjaNoafa the Cudgeller (level 8, -7/73 HPs)
             Began as a Minotaur Fighter on Oct 24, 2022.
             Killed from afar by a steam dragon (22 damage)
             ... with a ball of steam
             ... on level 7 of the Dungeon.
             The game lasted 00:07:33 (4989 turns).

NinjaNoafa the Cudgeller (Minotaur Fighter)         Turns: 4989, Time: 00:07:34

Health: -7/73      AC: 14    Str: 23    XL:     8   Next: 90%
Magic:  7/7        EV:  7    Int:  5    God:
Gold:   226        SH:  5    Dex: 10    Spells: 7/7 levels left

rFire   . . .      SeeInvis +    y - +4 flail (venom)
rCold   + . .      Faith    .    c - +0 buckler
rNeg    . . .      Spirit   .    u - +0 plate armour {rC+}
rPois   .          Reflect  .    (helmet restricted)
rElec   .          Harm     .    (no cloak)
rCorr   .          Rampage  .    a - +0 pair of gloves
Will    .....                    (no boots)
Stlth   ..........               m - amulet of the acrobat
HPRegen 0.32/turn                A - ring of see invisible
MPRegen 0.10/turn                (no ring)

@: lethally poisoned (-7 -> -14), slowed, very slow
A: horns 2, retaliatory headbutt
a: no special abilities


You were on level 7 of the Dungeon.
You visited 1 branch of the dungeon, and saw 7 of its levels.

You collected 322 gold pieces.
You spent 96 gold pieces at shops.

Inventory:

Hand Weapons
 y - a +4 flail of venom (weapon)
Missiles
 b - 45 stones
 f - 5 poisoned darts (quivered)
Armour
 a - a +0 pair of gloves (worn)
 c - a +0 buckler (worn)
 u - a +0 plate armour of cold resistance (worn)
Jewellery
 m - an amulet of the acrobat (around neck)
 A - a ring of see invisible (left hand)
Scrolls
 g - 2 scrolls of magic mapping {unknown}
 j - 2 scrolls of enchant armour {unknown}
 k - a scroll of fear {unknown}
 l - a scroll of fog {unknown}
 p - a scroll of brand weapon {unknown}
 q - a scroll of blinking {unknown}
 t - 2 scrolls of teleportation {unknown}
 v - a scroll of noise {unknown}
 w - 4 scrolls of amnesia
Potions
 d - a potion of might
 e - a potion of haste
 i - 2 potions of heal wounds
 n - 3 potions of mutation
 o - 6 potions of curing
 r - 2 potions of flight
 s - a potion of magic
 x - 2 potions of brilliance {unknown}
 z - a potion of invisibility {unknown}


   Skills:
 - Level 7.0 Fighting
 - Level 7.0(8.3) Axes
 + Level 7.1(8.4) Maces & Flails
 - Level 7.0 Armour
 - Level 3.0 Dodging
 - Level 5.0 Shields


You had 7 spell levels left.
You didn't know any spells.
Your spell library contained the following spells:

 Spells                   Type           Power      Damage    Failure   Level
 Necrotise                Necr           0%         1d4       100%        1
 Gell's Gravitas          Tloc           0%         N/A       100%        3
 Kindle Blastsparks       Fire/Tloc/Air  0%         2d10      100%        3
 Lesser Beckoning         Tloc           0%         N/A       100%        3
 Teleport Other           Tloc           0%         N/A       100%        3
 Vampiric Draining        Necr           0%         2d6       100%        3
 Fulminant Prism          Conj/Hex       0%         3d6       100%        4
 Iskenderun's Mystic Bla  Conj/Tloc      0%         2d3       100%        4
 Agony                    Necr           0%         N/A       100%        5
 Blade Hands              Tmut           0%         N/A       100%        5
 Irradiate                Conj/Tmut      0%         3d11      100%        5
 Lee's Rapid Deconstruct  Erth           0%         3d4*      100%        5
 Metabolic Englaciation   Hex/Ice        0%         N/A       100%        5
 Dragon Form              Tmut           0%         N/A       100%        7
 Shatter                  Erth           0%         3d5*      100%        9


Dungeon Overview and Level Annotations

Branches:
Dungeon (7/15)
 Temple: D:4-7

Altars:
Fedhas
Gozag
Yredelemnul

Shops:
D:6 !

Annotations:
D:3 exclusion: oklob plant


Innate Abilities, Weirdness & Mutations

You have a pair of horns on your head.
You reflexively headbutt those who attack you in melee.


Message History

Found a fizzy silvery potion.
Found an escape hatch in the ceiling.
Found a stone staircase leading down.
There is a stone staircase leading up here.
As you read the scroll labelled VYSEOGGUGOI, it crumbles to dust.
It is a scroll of identify.
e - a potion of haste
As you read the scroll of identify, it crumbles to dust.
w - 4 scrolls of amnesia The steam dragon breathes steam at you.
The ball of steam hits you!
You hear a shout!
As you read the scroll of identify, it crumbles to dust.
r - 2 potions of flight You are engulfed in a cloud of scalding steam.
The steam dragon breathes steam at you. The ball of steam hits you!
You hear a shout! x2
As you read the scroll of identify, it crumbles to dust.
n - 3 potions of mutation You are engulfed in a cloud of scalding steam.
You block the steam dragon's attack.
The steam dragon claws you but does no damage.
The hornet stings you but does no damage.
As you read the scroll of identify, it crumbles to dust.
s - a potion of magic You are engulfed in a cloud of scalding steam.
The hornet stings you!
You feel yourself slow down. The steam dragon bites you.
The steam dragon claws you but does no damage.
Okay, then.
Okay, then.
You closely miss the hornet.
You are engulfed in a cloud of scalding steam.
You feel yourself speed up. The hornet completely misses you.
The hornet stings you!
* * * LOW HITPOINT WARNING * * *
You are poisoned.
You feel yourself slow down. The steam dragon breathes steam at you.
The ball of steam hits you!!
You die...

..........
..........
.........## #
..........###..
...............
##...........#
#......D.<...#.
.......@y>.....
...............
......§........
..........#....
.....§§.### ...
..##...!# .. .
#..... . ##...#


You could see a hornet and a steam dragon (catching breath).

Vanquished Creatures
  A steam dragon (D:6)
  Edmund (D:5)
  A water moccasin (D:5)
  2 orc warriors
  A black bear (D:4)
  2 ice beasts (D:6)
  An ogre (D:5)
  2 centaurs (D:6)
  2 phantoms
  2 scorpions (D:5)
  An electric eel (D:6)
  3 hounds
  2 orc priests
  2 iguanas (D:5)
  Terence (D:2)
  2 orc wizards (D:3)
  9 adders
  A white imp (D:5)
  2 ufetubi (D:6)
  5 worms
  A dart slug (D:4)
  14 orcs
  4 ball pythons
  7 endoplasms
  6 giant cockroaches
  7 hobgoblins
  5 quokkas
  4 bats
  3 frilled lizards
  9 goblins
  2 kobolds
  10 rats
115 creatures vanquished.

Vanquished Creatures (others)
  An orc wizard (D:5)
  3 orcs (D:6)
4 creatures vanquished.

Grand Total: 119 creatures vanquished

Notes
Turn   | Place    | Note
-------+----------+-------------------------------------------
     0 | D:1      | NinjaNoafa the Minotaur Fighter began the quest for the
                  | Orb.
     0 | D:1      | Reached XP level 1. HP: 19/19 MP: 0/0
   222 | D:1      | Reached XP level 2. HP: 21/26 MP: 1/1
   259 | D:1      | You fall into a shaft and drop 1 floor!
   435 | D:2      | Noticed Terence
   443 | D:2      | Killed Terence
   444 | D:2      | Reached XP level 3. HP: 21/31 MP: 2/2
   643 | D:2      | Reached skill level 5 in Axes
   652 | D:2      | Reached XP level 4. HP: 35/40 MP: 3/3
   909 | D:1      | Found a faded altar of an unknown god.
  1373 | D:3      | Reached skill level 5 in Fighting
  1507 | D:3      | Found a basalt altar of Yredelemnul.
  1509 | D:3      | Reached XP level 5. HP: 45/48 MP: 4/4
  1717 | D:3      | Found a blossoming altar of Fedhas.
  1731 | D:3      | Noticed an oklob plant
  2116 | D:4      | Noticed a black bear
  2123 | D:4      | Killed a black bear
  2124 | D:4      | Reached XP level 6. HP: 44/60 MP: 5/5
  2382 | D:4      | Found an opulent altar of Gozag.
  2442 | D:4      | Noticed an orc warrior
  2453 | D:4      | Killed an orc warrior
  2635 | D:4      | Reached XP level 7. HP: 66/66 MP: 6/6
  2799 | D:5      | Entered Level 5 of the Dungeon
  2947 | D:5      | Reached skill level 5 in Armour
  2954 | D:5      | Reached skill level 5 in Shields
  3195 | D:5      | Noticed Edmund
  3204 | D:5      | Killed Edmund
  3205 | D:5      | Reached skill level 1 in Dodging
  3205 | D:5      | Reached XP level 8. HP: 32/73 MP: 7/7
  3503 | D:5      | Reached skill level 1 in Maces & Flails
  4219 | D:6      | Got the Textbook on the Ground and Bewitchment
  4547 | D:6      | Reached skill level 5 in Maces & Flails
  4678 | D:6      | Found Rantietuu's Distillery.
  4694 | D:6      | Bought a potion of curing for 36 gold pieces
  4694 | D:6      | Bought a potion of heal wounds for 60 gold pieces
  4983 | D:7      | Noticed a hornet
  4989 | D:7      | Killed from afar by a steam dragon

Illustrated notes

Levels and vault maps discovered:
D:1:      scummos_arrival_forest, layout_loops_ring, basic_ecumenical_altar
D:2:      layout_basic, uniq_terence
D:3:      layout_basic, mainiacjoe_overflow_paths, tgw_fedhas,
          hangedman_abyss_or_decor_stabs
D:4:      layout_loops_ring, grunt_gozag_statues
D:5:      layout_loops_ring, uniq_edmund
D:6:      layout_cave_pods, serial_shops, nicolae_shop_hallway_stairs,
          kennysheep_path_1
D:7:      layout_cave_pools, nicolae_ru_the_path_less_chosen,
          beargit_hepliaklqana_dungeon_heroes, minmay_temple_entry_trees,
          serial_shops, nicolae_shop_temple_entry_statues_fountains,
          nicolae_square_shop, nicolae_shop_window_shopping, enter_bailey_3,
          uniq_pikel, uniq_maggie

Skill      XL: |  1  2  3  4  5  6  7  8 |
---------------+-------------------------+-----
Axes           | 3 4 5 6 7 |  7.0
Fighting       | 4 5 7 |  7.0
Armour         | 7 |  7.0
Shields        | 5 |  5.0
Dodging        | 1 3 |  3.0
Maces & Flails | 7 |  7.1

Action                   |  1- 3 |  4- 6 |  7- 9 || total
-------------------------+-------+-------+-------++-------
Melee: War axe           |    54 |   126 |    46 ||   226
       Headbutt          |     3 |    18 |    16 ||    37
       Flail             |       |       |    58 ||    58
  Use: Potion            |       |     1 |       ||     1
       Scroll            |       |       |     5 ||     5
Armor: Scale mail        |    27 |       |       ||    27
       Chain mail        |    10 |    55 |       ||    65
       Plate armour      |       |    17 |    57 ||    74
Dodge: Dodged            |    26 |    65 |    56 ||   147
Block: Buckler           |    15 |    30 |    18 ||    63

Table legend: (Time is in decaauts)
 A = Elapsed time spent in this place.
 B = Non-inter-level travel time spent in this place.
 C = Inter-level travel time spent in this place.
 D = Time resting spent in this place.
 E = Time spent auto-exploring this place.
 F = Levels seen in this place.
 G = Mean time per level.
                   A        B        C        D        E       F      G
               +--------+--------+--------+--------+--------+-----+--------+
         Total |   5071 |   4911 |    160 |      0 |   3935 |   7 |  724.4 |
       Dungeon |   5071 |   4911 |    160 |      0 |   3935 |   7 |  724.4 |
               +--------+--------+--------+--------+--------+-----+--------+

Top non-repeatable levels by time:
     D:6: 1140 daAuts
     D:5: 1067 daAuts
     D:4: 787 daAuts
     D:3: 772 daAuts
     D:1: 686 daAuts
     D:2: 611 daAuts
     D:7: 5 daAuts
